 Dungeon Crawl Stone Soup version 0.24.0-37-gcf1ca852f1 (webtiles) character file.

Game seed: 80583351403260175, levelgen mode: deterministic

67 McKennaii the Skirmisher (level 3, -2/29 HPs)
             Began as a Demonspawn Fighter on Nov 26, 2019.
             Slain by Sigmund
             ... wielding a +2 scythe of freezing
              (10 damage)
             ... on level 2 of the Dungeon.
             The game lasted 00:02:32 (1266 turns).

McKennaii the Skirmisher (Demonspawn Fighter)       Turns: 1266, Time: 00:02:32

Health: -2/29      AC: 10    Str: 22    XL:     3   Next: 98%
Magic:  3/3        EV:  5    Int:  9    God:
Gold:   65         SH:  9    Dex: 12    Spells: 2/2 levels left

rFire    . . .     SeeInvis .   a - +0 war axe
rCold    . . .     Gourm    .   c - +0 shield
rNeg     . . .     Faith    .   m - +0 chain mail
rPois    .         Spirit   .   (no helmet)
rElec    .         Reflect  .   k - +0 cloak
rCorr    .         Harm     .   (no gloves)
MR       .....                  (no boots)
Stlth    ..........             (no amulet)
HPRegen  0.09/turn              (no ring)
MPRegen  0.08/turn              (no ring)

@: mighty
A: talons 1
a: no special abilities


You were on level 2 of the Dungeon.
You were very hungry.

You visited 1 branch of the dungeon, and saw 2 of its levels.

You collected 65 gold pieces.

Inventory:

Hand Weapons
 a - a +0 war axe (weapon)
Armour
 c - a +0 shield (worn)
 k - a +0 cloak (worn)
 m - a +0 chain mail (worn)
Scrolls
 b - a scroll of fog {unknown}
 e - 3 scrolls of identify {unknown}
 g - 2 scrolls of blinking {unknown}
 h - 2 scrolls of teleportation {unknown}
 i - 3 scrolls of amnesia {unknown}
 j - 2 scrolls of remove curse {unknown}
Potions
 l - a potion of haste {unknown}
 n - a potion of invisibility {unknown}
 o - a potion of brilliance {unknown}
Comestibles
 f - 2 rations


   Skills:
 + Level 3.2 Fighting
 * Level 2.7 Axes
 + Level 3.1 Armour
 + Level 0.3 Dodging
 + Level 3.2 Shields


You had 2 spell levels left.
You didn't know any spells.
Your spell library was empty.

Dungeon Overview and Level Annotations

Branches:
Dungeon (2/15)

Altars:
Qazlal
Wu Jian

Annotations:
D:2 Sigmund


Innate Abilities, Weirdness & Mutations

You have sharp toenails.


Message History

You completely miss something. Your kick misses something.
Something hits you but does no damage.
You bump into the rock wall.
Something hits you. Something freezes you.
You bump into the rock wall.
You feel less confused. You block something's attack.
You miss something. Your kick misses something.
Something hits you but does no damage.
You closely miss something. Your kick misses something.
A frilled lizard comes into view.
Something hits you but does no damage.
You closely miss something. Your kick misses something. Something hits you.
Something freezes you.
You closely miss something. You closely miss something. You claw something.
Something hits you but does no damage.
You closely miss something. Something hits you. Something freezes you.
* * * LOW HITPOINT WARNING * * *
You miss something. Your kick misses something. Something hits you!
You die...

###.# #.# # #.# #### ##
#># ..# ##. #.# #.# #.#
#.# #.## ##. #.# #..##
##
#########.#.#####.#.## #
.....l{@......<..###.###
#################.#.....
#...... #######


You could see a frilled lizard.

Vanquished Creatures
  3 adders (D:2)
  An ooze (D:1)
  A leopard gecko (D:1)
  2 ball pythons (D:2)
  2 giant cockroaches
  6 hobgoblins
  A quokka (D:2)
  3 bats (D:1)
  4 frilled lizards
  8 goblins
  A kobold (D:1)
  2 rats (D:1)
34 creatures vanquished.

Notes
Turn   | Place    | Note
-------+----------+-------------------------------------------
     0 | D:1      | McKennaii the Demonspawn Fighter began the quest for the
                  | Orb.
     0 | D:1      | Reached XP level 1. HP: 18/18 MP: 1/1
    87 | D:1      | Gained mutation: You have sharp toenails. [demonic
                  | ancestry]
    87 | D:1      | Reached XP level 2. HP: 19/24 MP: 2/2
   627 | D:2      | Found an ornate altar of the Wu Jian Council.
   647 | D:2      | Reached XP level 3. HP: 15/29 MP: 3/3
   680 | D:2      | Noticed Sigmund
  1166 | D:2      | Found a stormy altar of Qazlal.
  1266 | D:2      | Slain by Sigmund

Levels and vault maps discovered:
D:1:      nagdon_arrival_double_spiral, layout_basic
D:2:      layout_loops_ring, lemuel_coloured_pillars_altar, lemuel_round_altar,
          uniq_sigmund

Skill      XL: |  1  2 |
---------------+-------+-----
Axes           | 2 |  2.7
Armour         | 3 |  3.1
Shields        | 3 |  3.2
Fighting       | |  3.2
Dodging        | |  0.3

Action                   || total
-------------------------++-------
Melee: War axe           ||   107
       Kick              ||    18
  Use: Potion            ||     1
Armor: Scale mail        ||    37
       Chain mail        ||    25
Dodge: Dodged            ||    27
Block: Shield            ||    54
